AoeStats
← Dieguin

Four Lakes

509879054Analyzed
1v1 RM · 4d ago on Sep 28, 2026· 44m 18s· 2 players
Game mode
Random Map
Map size
Tiny (2 player)
Population
200
Speed
Normal
Resources
Standard
Victory
Conquest
Starting age
Dark Age
Ending age
Imperial Age
RankedLock teamsTeams togetherTeam positionsShared explorationLock speedFull tech treeHidden civsTurbo modeCheats
Victory
Defeat
🇹🇷 Chinese · Türkiye
767
+16
🇨🇴 Cumans · Colombia
765
-16
Dieguin
6:58 Loom
10:49 Feudal Age
15:29 Double-Bit Axe
21:50 Fletching
22:01 Scale Mail Armor
29:45 Castle Age
28:41 Padded Archer Armor
29:01 Bloodlines
30:04 Pikeman
30:44 Elite Skirmisher
32:25 Capped Ram
Get Rekt
2:33 Loom
13:01 Feudal Age
15:14 Double-Bit Axe
19:21 Castle Age
17:34 Horse Collar
17:59 Stone Mining
18:53 Gold Mining
22:01 Town Watch
22:32 Light Cavalry
23:37 Bow Saw
27:30 Murder Holes
30:38 Heavy Plow
31:18 Gold Shaft Mining
31:29 Elite Skirmisher
32:32 Padded Archer Armor
32:22 Fletching
32:43 Forging
32:33 Scale Mail Armor
32:38 Scale Barding Armor
34:04 Heated Shot
37:29 Imperial Age
40:27 Conscription
40:18 Man-at-Arms
42:11 Long Swordsman
Connection lost

Rejoining the realm…

Still unreachable

The connection could not be restored.

Session expired

The server has moved on; the page needs a fresh start.